 Dungeon Crawl Stone Soup version 0.28-a0-1199-gef9e1dbd39 (webtiles) character file.

Game seed: 7228865341078181821

222 bande the Skirmisher (level 5, -6/33 HPs)
             Began as a Gargoyle Fighter on Dec 20, 2021.
             Was an Initiate of Okawaru.
             Mangled by Menkaure (12 damage)
             ... on level 5 of the Dungeon.
             The game lasted 00:06:41 (2978 turns).

bande the Skirmisher (Gargoyle Fighter)             Turns: 2978, Time: 00:06:41

Health: -6/33      AC: 13    Str: 19    XL:     5   Next: 99%
Magic:  5/5        EV:  9    Int:  9    God:    Okawaru [......]
Gold:   244        SH:  5    Dex: 17    Spells: 4/4 levels left

rFire   . . .      SeeInvis .   a - +1 war axe
rCold   . . .      Faith    .   c - +0 buckler
rNeg    + . .      Spirit   .   b - +0 scale mail
rPois   ∞          Reflect  .   n - +0 helmet
rElec   +          Harm     .   (no cloak)
rCorr   .          Rampage  .   (no gloves)
Will    .....                   i - +0 pair of boots
Stlth   ..........              (no amulet)
HPRegen 0.11/turn               e - +6 ring of dexterity
MPRegen 0.09/turn               (no ring)

@: mighty, studying Armour
A: sickness immunity, AC +4, negative energy resistance 1, electricity
resistance, torment resistance 1, petrification resistance
a: Renounce Religion


You were on level 5 of the Dungeon.
You worshipped Okawaru.
Okawaru was noncommittal.
You visited 2 branches of the dungeon, and saw 6 of its levels.

You collected 244 gold pieces.

Inventory:

Hand Weapons
 a - a +1 war axe (weapon)
 j - a +2 flail of holy wrath
 p - a +0 war axe
Missiles
 h - 2 throwing nets (quivered)
Armour
 b - a +0 scale mail (worn)
 c - a +0 buckler (worn)
 i - a +0 pair of boots (worn)
 n - a +0 helmet (worn)
Jewellery
 e - a +6 ring of dexterity (left hand)
Scrolls
 m - a scroll of identify
Potions
 f - a potion of heal wounds
 g - a potion of ambrosia
 k - a potion of brilliance
 l - a potion of curing
 o - a potion of flight


   Skills:
 + Level 4.2 Fighting
 + Level 4.2 Axes
 + Level 4.1 Armour
 + Level 3.9 Shields
 * Level 0.2 Invocations


You had 4 spell levels left.
You didn't know any spells.
Your spell library contained the following spells:

 Spells                   Type           Power      Damage    Failure   Level
 Sting                    Tmut/Pois      0%         1d3       75%         1
 Poisonous Vapours        Pois/Air       0%         N/A       87%         2
 Olgreb's Toxic Radiance  Pois           0%         N/A       100%        4


Dungeon Overview and Level Annotations

Branches:
Dungeon (5/15)             Temple (1/1) D:4

Altars:
Okawaru
Trog
Uskayaw
Vehumet
Wu Jian

Annotations:
D:3 2 transporters, jejorda2's ghost, amateur MfBe
D:5 Menkaure


Innate Abilities, Weirdness & Mutations

You are immune to sickness and miasma.
Your stone body is resilient. (AC +4)
You are immune to poison.
You resist negative energy. (rN+)
You are resistant to electric shocks. (rElec)
You are resistant to unholy torment.
You are immune to petrification.


Message History

You pick up a Young Poisoner's Handbook and begin reading...
You add the spells Sting, Poisonous Vapours and Olgreb's Toxic Radiance to your library.
A quokka comes into view.
A quokka is nearby!
You block the quokka's attack.
You hit the quokka.
You kill the quokka!
Okawaru accepts your kill.
No target in view!
No target in view!
No target in view!
No target in view!
As you open the door, it creaks loudly!
Found a war axe.
There is an open door here.
You see here a +0 war axe.
You open the door.
Menkaure, Prince of Dust comes into view.
Menkaure shouts!
Menkaure gestures wildly while chanting.
Menkaure seems to speed up.
There is an open door here.
You see here a +0 war axe.
p - a +0 war axe Menkaure breathes soot at you.
Menkaure hits you!
You barely miss Menkaure. Menkaure hits you!
* * * LOW HITPOINT WARNING * * *
Menkaure barely misses you.
You feel much better. Menkaure hits you but does no damage.
You feel very mighty all of a sudden. Menkaure hits you.
You slice Menkaure!!
Menkaure is severely damaged.
Menkaure hits you! x2
* * * LOW HITPOINT WARNING * * *
You slash Menkaure!
Menkaure is almost destroyed.
Menkaure hits you!
You die...

#........#####.
#####..........
##.#######. #.#
##'## ##...##
##.....##
#.......## .
#.......@M####....
+.........'.......
#.........####..M#
##.......## .
##.....## ##...##
##+#


You could see Menkaure (fast).

Vanquished Creatures
  An orc priest (D:3)
  A hound (D:4)
  An iguana (D:4)
  A hound skeleton (D:4)
  5 adders
  3 worms
  5 dart slugs
  4 orcs
  6 endoplasms
  6 goblins
  6 hobgoblins
  6 quokkas
  6 ball pythons
  2 bats
  7 frilled lizards
  A kobold (D:3)
  2 rats
63 creatures vanquished.

Notes
Turn   | Place    | Note
-------+----------+-------------------------------------------
     0 | D:1      | bande the Gargoyle Fighter began the quest for the Orb.
     0 | D:1      | Reached XP level 1. HP: 14/14 MP: 1/1
   355 | D:1      | Reached XP level 2. HP: 19/19 MP: 2/2
   583 | D:1      | Reached XP level 3. HP: 22/23 MP: 3/3
  1086 | D:2      | Found a faded altar of an unknown god.
  1253 | D:2      | Reached XP level 4. HP: 29/29 MP: 4/4
  1507 | D:3      | Found a transporter.
  1507 | D:3      | Noticed jejorda2's ghost (amateur MfBe)
  1544 | D:3      | Identified a scroll of acquirement
  1544 | D:3      | Acquired a manual of Armour
  1697 | D:3      | Found a transporter.
  1924 | D:3      | Reached XP level 5. HP: 17/33 MP: 5/5
  2287 | D:4      | Found a hide-covered altar of Uskayaw.
  2418 | D:4      | Found a staircase to the Ecumenical Temple.
  2426 | Temple   | Entered the Ecumenical Temple
  2434 | Temple   | Became a worshipper of Warmaster Okawaru
  2930 | D:5      | Entered Level 5 of the Dungeon
  2965 | D:5      | Noticed Menkaure
  2978 | D:5      | Mangled by Menkaure

Illustrated notes

Levels and vault maps discovered:
D:1:      kilobyte_arrival_exit_the_forest, layout_loops_ring, minmay_tall_x
D:2:      layout_basic, ebering_ecumenical_altar_petrified, minmay_tromino_v4_b
D:3:      layout_basic, gammafunk_ghost_arena
D:4:      layout_basic, kennysheep_mini, minmay_temple_entry_steel_oval,
          kennysheep_cross_room
D:5:      layout_loops_corners, grunt_temple_overflow_open, uniq_menkaure,
          uniq_eustachio
Temple:   eino_wide_crystal_templ

Skill      XL: |  1  2  3  4  5 |
---------------+----------------+-----
Axes           | 2 3 4 |  4.2
Fighting       | 4 |  4.2
Armour         | 4 |  4.1
Shields        | |  3.9
Invocations    | |  0.2

Action                   |  1- 3 |  4- 6 || total
-------------------------+-------+-------++-------
Melee: War axe           |    60 |    76 ||   136
  Use: Scroll            |     3 |     7 ||    10
       Potion            |       |     3 ||     3
Armor: Scale mail        |    28 |    25 ||    53
Dodge: Dodged            |    30 |    34 ||    64
Block: Buckler           |    14 |    15 ||    29

Table legend: (Time is in decaauts)
 A = Elapsed time spent in this place.
 B = Non-inter-level travel time spent in this place.
 C = Inter-level travel time spent in this place.
 D = Time resting spent in this place.
 E = Time spent auto-exploring this place.
 F = Levels seen in this place.
 G = Mean time per level.
                   A        B        C        D        E       F      G
               +--------+--------+--------+--------+--------+-----+--------+
         Total |   3029 |   2972 |     57 |    134 |   2276 |   6 |  504.8 |
       Dungeon |   3011 |   2954 |     57 |    134 |   2275 |   5 |  602.2 |
        Temple |     18 |     18 |      0 |      0 |      1 |   1 |   18.0 |
               +--------+--------+--------+--------+--------+-----+--------+

Top non-repeatable levels by time:
     D:1: 926 daAuts
     D:4: 775 daAuts
     D:3: 659 daAuts
     D:2: 601 daAuts
     D:5: 48 daAuts
  Temple: 18 daAuts
